 Dungeon Crawl Stone Soup version 0.30-a0-1074-g5db6f66fbb (webtiles) character file.

Game seed: 17587480792991694361

13308 PtaQ the Destroyer (level 11, 0/84 HPs)
             Began as a Red Draconian Conjurer on Apr 14, 2023.
             Was a Priest of Vehumet.
             Slain by a skeletal warrior
             ... wielding a +0 hand axe
              (15 damage)
             ... on level 9 of the Dungeon.
             The game lasted 01:33:36 (14654 turns).

PtaQ the Destroyer (Red Draconian Conjurer)        Turns: 14654, Time: 01:33:37

Health: 0/84       AC:  8    Str: 10    XL:     11   Next: 73%
Magic:  3/25       EV: 13    Int: 29    God:    Vehumet [***...]
Gold:   735        SH:  9    Dex:  9    Spells: 5/21 levels left

rFire   + . .      SeeInvis +    k - +6 Majin-Bo {spellvamp, MP+6 Int+6}
rCold   . . .      Faith    .    P - +0 buckler {reflect}
rNeg    . . .      Spirit   .    (body armour unavailable)
rPois   +          Reflect  +    (helmet restricted)
rElec   .          Rampage  .    H - +0 cloak
rCorr   .                        (no gloves)
Will    .....                    (no boots)
Stlth   ++                       n - amulet of reflection
HPRegen 0.34/turn                W - ring of poison resistance
MPRegen 0.19/turn                R - ring of see invisible

@: no status effects
A: breathe fire, AC +7, unfitting armour, fire resistance 1, cold-blooded
a: Breathe Fire, Renounce Religion


You were on level 9 of the Dungeon.
You worshipped Vehumet.
Vehumet was most pleased with you.
You visited 2 branches of the dungeon, and saw 12 of its levels.
You also visited: Sewer and Bailey.

You collected 735 gold pieces.

Inventory:

Hand Weapons
 b - a +0 antimagic dagger
 k - the +6 Majin-Bo (weapon) {spellvamp, MP+6 Int+6}
   (You took it off a hobgoblin on level 2 of the Dungeon)

   Int:       It affects your intelligence (+6).
   MP:        It affects your magic capacity (+6).
 m - a +2 short sword of venom
 o - a +2 vampiric spear
 C - a +6 antimagic flail
 K - a +1 scimitar of electrocution
Missiles
 q - 71 poisoned darts
 Q - a curare-tipped dart
 S - 2 javelins
 V - 4 atropa-tipped darts
 X - a throwing net
Armour
 H - a +0 cloak (worn)
 P - a +0 buckler of reflection (worn)
Jewellery
 n - an amulet of reflection (around neck)
 B - a ring of flight
 R - a ring of see invisible (right hand)
 W - a ring of poison resistance (left hand)
Wands
 y - a wand of light (3)
 J - a wand of digging (5)
 N - a wand of iceblast (12)
 O - a wand of mindburst (5)
 T - a wand of paralysis (11)
 U - a wand of flame (7)
Scrolls
 f - 3 scrolls of silence
 g - 2 scrolls of torment
 h - 3 scrolls of teleportation
 j - 2 scrolls of enchant armour {unknown}
 l - 3 scrolls of vulnerability
 p - 6 scrolls of noise
 s - 2 scrolls of poison
 t - 2 scrolls of fog {unknown}
 u - a scroll of immolation
 v - a scroll of summoning
 E - 5 scrolls of amnesia
 F - a scroll of enchant weapon
 G - 2 scrolls of fear
 M - a scroll of blinking
 Y - 3 scrolls of magic mapping
Potions
 a - 2 potions of magic
 c - 4 potions of flight {unknown}
 d - 2 potions of attraction {unknown}
 e - 2 potions of lignification {unknown}
 i - 7 potions of curing {unknown}
 r - 2 potions of berserk rage {unknown}
 w - 2 potions of degeneration {unknown}
 x - a potion of haste {unknown}
 z - 3 potions of might {unknown}
 A - a potion of brilliance {unknown}
 D - a potion of ambrosia {unknown}
 I - a potion of mutation {unknown}
 L - a potion of cancellation {unknown}


   Skills:
 * Level 4.1 Fighting
 + Level 2.7 Staves
 + Level 6.9 Dodging
 - Level 1.7 Stealth
 + Level 4.3 Shields
 * Level 5.8 Spellcasting
 + Level 13.8 Conjurations
 - Level 2.0 Hexes
 + Level 5.2 Translocations
 * Level 4.4 Fire Magic
 + Level 0.4 Evocations


You had 5 spell levels left.
You knew the following spells:

 Your Spells              Type           Power      Damage    Failure   Level
a - Magic Dart            Conj           100%       1d8       1%          1
b - Searing Ray           Conj           100%       2d8       1%          2
c - Iskenderun's Mystic   Conj/Tloc      59%        2d12      1%          4
d - Fulminant Prism       Conj/Hex       26%        3d14      1%          4
e - Scorch                Fire           68%        2d8       1%          2
f - Inner Flame           Hex/Fire       27%        N/A       1%          3

Your spell library contained the following spells:

 Spells                   Type           Power      Damage    Failure   Level
 Lesser Beckoning         Tloc           78%        N/A       1%          2
 Dazzling Flash           Conj/Hex       100%       N/A       1%          3
 Sandblast                Erth           16%        2d6       2%          1
 Gell's Gravitas          Tloc           39%        N/A       2%          3
 Teleport Other           Tloc           39%        N/A       2%          3
 Beastly Appendage        Tmut           16%        N/A       8%          1
 Summon Small Mammal      Summ           32%        N/A       8%          1
 Summon Guardian Golem    Hex/Summ       14%        N/A       14%         3
 Call Canine Familiar     Summ           8%         N/A       22%         3
 Summon Ice Beast         Ice/Summ       8%         N/A       58%         4
 Silence                  Hex/Air        7%         N/A       80%         5
 Summon Mana Viper        Hex/Summ       14%        N/A       80%         5
 Agony                    Necr           8%         N/A       90%         5
 Orb of Destruction       Conj           36%        9d11      6%          7
 Spellforged Servitor     Conj/Summ      24%        N/A       63%         7
 Monstrous Menagerie      Summ           4%         N/A       100%        7


Dungeon Overview and Level Annotations

Branches:
Dungeon (11/15)            Temple (1/1) D:5            Lair (0/5) D:11
    Orc (0/2) D:11          Sewer (visited)          Bailey (visited)

Altars:
Ashenzari
Cheibriados
Dithmenos
Elyvilon
Fedhas
Gozag
Hepliaklqana
Kikubaaqudgha
Makhleb
Nemelex Xobeh
Okawaru
Qazlal
Ru
Sif Muna
Trog
Uskayaw
Vehumet
Wu Jian
Xom
Yredelemnul
Zin
The Shining One

Annotations:
D:5 2 transporters, fly's ghost, weakling DgDe


Innate Abilities, Weirdness & Mutations

You can breathe blasts of fire.
Your fiery red scales are hard. (AC +7)
You cannot fit into any form of body armour.
Your flesh is heat resistant. (rF+)
You are cold-blooded and may be slowed by cold attacks.


Message History

The skeletal warrior slams into the rock wall!
The skeletal warrior is severely damaged.
* * * LOW HITPOINT WARNING * * *
Casting: Iskenderun's Mystic Blast (safe; 1% risk of failure)
Confirm with . or Enter, or press ? or * to list all spells.
Flames lash the skeletal warrior.
The skeletal warrior is almost destroyed.
The skeletal warrior's fire resistance burns away.
* * * LOW HITPOINT WARNING * * *
Casting: Scorch (safe; 1% risk of failure)
Confirm with . or Enter, or press ? or * to list all spells.
You erupt in a blast of force!
The mystic blast hits the skeletal warrior.
The skeletal warrior is almost destroyed.
The skeletal warrior is knocked back by the mystic blast.
* * * LOW HITPOINT WARNING * * *
Casting: Iskenderun's Mystic Blast (safe; 1% risk of failure)
Confirm with . or Enter, or press ? or * to list all spells.
Aiming: Fulminant Prism (mildly dangerous; 1% risk of failure)
Press: ? - help, Dir - move target You conjure a prism of explosive energy!
* * * LOW HITPOINT WARNING * * *
A fulminant prism comes into view.
The skeletal warrior is no longer more vulnerable to fire.
Casting: Fulminant Prism (mildly dangerous; 1% risk of failure)
Confirm with . or Enter, or press ? or * to list all spells.
Okay, then.
Aiming: Bolt of Light
Press: ? - help, Shift-Dir - straight line, f - fulminant prism
Aim: a fulminant prism (friendly, 100% to hit)
Okay, then.
Unknown command.
Aiming: Bolt of Light
Press: ? - help, Shift-Dir - straight line, f - skeletal warrior, p - fulminant prism
Aim: a skeletal warrior, wielding a +0 hand axe (almost destroyed, ally target, 71% to hit)
The bolt of light hits the skeletal warrior.
The skeletal warrior is almost destroyed.
The skeletal warrior is blinded.
The skeletal warrior hits you with a +0 hand axe!
You die...

#.# #.........# ####
##.# #...<.....# #..#
##.######## #.## #.....#
#.# #######'### ..#
#.........# ##########
#.........#
.........#####.....*...#
.........#...'..@z..>..#
.........#.###.........#
.........'.# #.........#
.........### #.........#
.........# ###'#######
.)[......# #.####
#+######## #....# #.####
########'### #....#
#..........#


You could see a skeletal warrior (blind, ally target) and a friendly fulminant
prism.

Vanquished Creatures
  A two-headed ogre (D:9)
  3 death yaks (D:10)
  Nergalle (D:10)
  Pikel (D:9)
  Maggie (D:6)
  Psyche (D:9)
  3 kobold demonologists
  A troll (D:9)
  Prince Ribbit (D:9)
  A wyvern (D:7)
  20 yaks
  5 vampire mosquitoes (D:11)
  Edmund (D:4)
  A steam dragon (D:8)
  An acid dragon (D:11)
  3 ice beasts
  2 orc warriors
  A black bear (D:6)
  A hornet zombie (D:7)
  2 ogres
  A sky beast (D:6)
  4 centaurs
  A phantom (D:6)
  6 kobold brigands
  A gnoll sergeant (D:9)
  2 bullfrogs (D:7)
  5 scorpions
  5 necrophages (D:7)
  7 wights
  9 killer bees
  5 howler monkeys
  An electric eel (D:8)
  A bullfrog zombie (D:7)
  4 hounds
  A gnoll bouda (D:8)
  2 orc priests (D:7)
  6 iguanas
  4 orc wizards
  A sleepcap (D:7)
  A killer bee zombie (D:7)
  Robin (D:2)
  3 gnolls (D:9)
  8 adders
  2 river rats
  2 shadow imps
  A white imp (D:4)
  5 worms
  4 dart slugs
  15 orcs
  4 endoplasms
  4 giant cockroaches
  21 goblins
  9 hobgoblins
  29 kobolds
  6 quokkas
  16 ball pythons
  7 bats
  2 frilled lizards
  17 rats
274 creatures vanquished.

Vanquished Creatures (others)
  A bush (D:7)
  31 fulminant prisms
  10 plants (D:7)
42 creatures vanquished.

Grand Total: 316 creatures vanquished

Notes
Turn   | Place    | Note
-------+----------+-------------------------------------------
     0 | D:1      | PtaQ the Draconian Conjurer began the quest for the Orb.
     0 | D:1      | Reached XP level 1. HP: 14/14 MP: 3/3
   250 | D:1      | Reached XP level 2. HP: 20/20 MP: 1/5
   827 | D:1      | Reached XP level 3. HP: 26/26 MP: 3/6
   858 | D:1      | Learned a level 2 spell: Searing Ray
  1237 | D:2      | Reached skill level 5 in Conjurations
  1558 | D:2      | Reached XP level 4. HP: 33/33 MP: 7/7
  1667 | D:2      | Got An Introduction to Magic
  1673 | D:2      | Noticed Robin
  1679 | D:2      | Killed Robin
  2585 | D:3      | Found a glowing drain.
  2593 | Sewer    | Entered a sewer
  2598 | Sewer    | Reached XP level 5. HP: 39/39 MP: 3/9
  2991 | Sewer    | Reached skill level 6 in Conjurations
  3857 | D:4      | Reached skill level 1 in Fighting
  3857 | D:4      | Reached XP level 6. HP: 47/47 MP: 9/10
  4046 | D:4      | Reached skill level 7 in Conjurations
  4109 | D:4      | Found an iron altar of Okawaru.
  4114 | D:4      | Found a shimmering blue altar of Sif Muna.
  4537 | D:4      | Reached skill level 1 in Shields
  4682 | D:4      | Noticed Edmund
  4696 | D:4      | Killed Edmund
  4697 | D:4      | Your scales start taking on a fiery red colour.
  4697 | D:4      | Reached XP level 7. HP: 52/52 MP: 8/11
  4697 | D:4      | Gained mutation: Your flesh is heat resistant. (rF+) [Red
                  | Draconian growth]
  4820 | D:5      | Entered Level 5 of the Dungeon
  4836 | D:5      | Found a staircase to the Ecumenical Temple.
  4843 | Temple   | Entered the Ecumenical Temple
  4848 | Temple   | Became a worshipper of Vehumet
  4900 | D:5      | Reached skill level 1 in Staves
  4900 | D:5      | Reached skill level 8 in Conjurations
  5615 | D:5      | Found a transporter.
  5617 | D:5      | Noticed fly's ghost (weakling DgDe)
  5784 | D:5      | Found a transporter.
  5809 | D:5      | Reached XP level 8. HP: 49/59 MP: 12/12
  6000 | D:5      | Reached skill level 9 in Conjurations
  6022 | D:5      | Learned a level 4 spell: Iskenderun's Mystic Blast
  6724 | D:6      | Noticed Maggie
  6739 | D:6      | Killed Maggie
  6740 | D:6      | Reached skill level 10 in Conjurations
  6906 | D:6      | Reached XP level 9. HP: 58/67 MP: 9/13
  7515 | D:7      | Reached skill level 11 in Conjurations
  7776 | D:7      | Found a shadowy altar of Dithmenos.
  8034 | D:7      | Found a blossoming altar of Fedhas.
  8102 | D:7      | Reached * piety under Vehumet
  8102 | D:7      | Offered knowledge of Shock by Vehumet.
  8103 | D:7      | Reached skill level 5 in Dodging
  8103 | D:7      | Reached skill level 1 in Translocations
  9013 | D:8      | Found a flagged portal.
  9023 | Bailey   | Entered a bailey
  9262 | D:8      | Learned a level 4 spell: Fulminant Prism
  9430 | D:8      | Reached skill level 12 in Conjurations
  9510 | D:8      | Noticed a kobold demonologist
  9588 | D:8      | Noticed a red devil
  9592 | D:7      | Noticed a hellwing
  9594 | D:7      | Killed a kobold demonologist
  9595 | D:7      | Reached XP level 10. HP: 64/75 MP: 9/14
 10058 | D:8      | Found a sparkling altar of Nemelex Xobeh.
 10363 | D:9      | Noticed a two-headed ogre
 10371 | D:9      | Killed a two-headed ogre
 10448 | D:9      | Noticed Pikel
 10453 | D:9      | Killed Pikel
 10454 | D:9      | Reached skill level 13 in Conjurations
 10454 | D:9      | Reached skill level 1 in Hexes
 10538 | D:9      | Noticed Psyche
 10618 | D:9      | Killed Psyche
 10739 | D:9      | Offered knowledge of Scorch by Vehumet.
 10740 | D:9      | Reached ** piety under Vehumet
 10748 | D:8      | Learned a level 2 spell: Scorch
 10840 | D:9      | Noticed Prince Ribbit
 10847 | D:8      | Noticed a rust devil
 10948 | D:8      | Reached XP level 11. HP: 67/82 MP: 14/16
 11010 | D:8      | Reached skill level 1 in Fire Magic
 11094 | D:9      | Killed Prince Ribbit
 11732 | D:10     | Entered Level 10 of the Dungeon
 12196 | D:10     | Offered knowledge of Inner Flame by Vehumet.
 12201 | D:10     | Learned a level 3 spell: Inner Flame
 12854 | D:11     | Noticed a death yak
 12854 | D:11     | Found a staircase to the Lair.
 12855 | D:11     | Noticed a death yak
 12855 | D:11     | Noticed a death yak
 13045 | D:10     | Killed a death yak
 13215 | D:11     | Noticed Nergalle
 13229 | D:10     | Noticed a spectral orc warlord
 13229 | D:10     | Noticed a spectral orc warlord
 13230 | D:10     | Killed Nergalle
 13542 | D:10     | Killed a death yak
 13543 | D:10     | Reached skill level 5 in Spellcasting
 13543 | D:10     | Reached skill level 5 in Translocations
 13899 | D:10     | Killed a death yak
 13986 | D:11     | Found a staircase to the Orcish Mines.
 14315 | D:11     | Reached *** piety under Vehumet
 14387 | D:11     | Noticed a skeletal warrior
 14388 | D:11     | Noticed a skeletal warrior
 14654 | D:9      | Slain by a skeletal warrior

Illustrated notes

Levels and vault maps discovered:
D:1:      matt_arrival_refuge, layout_rooms
D:2:      layout_loops_cross, minmay_between, uniq_robin
D:3:      layout_basic, gup_sewer_entry_bubbles
D:4:      layout_cave_pools, mainiacjoe_overflow_catch_the_wave,
          minmay_liquid_box, uniq_edmund
D:5:      layout_basic, minmay_temple_entry_offerings,
          gammafunk_ghost_stat_death, eino_small_chamber_without_monster
D:6:      minmay_inner_zag, layout_cave_pools, uniq_maggie
D:7:      layout_loops_cross, nicolae_dithmenos_through_a_glass_darkly,
          fedhas_altar_decomposition, minmay_puff
D:8:      layout_cave_pools, general_overflow_altar, enter_bailey_3,
          kennysheep_generic_room_6
D:9:      layout_roguey, uniq_prince_ribbit1, uniq_pikel, uniq_psyche
D:10:     layout_long_grid
D:11:     layout_irregular_city, dpeg_lair_monsters, orc_0_dummy, uniq_nergalle
Temple:   sentei_temple_godly_chess

Skill      XL: |  1  2  3  4  5  6  7  8  9 10 11 |
---------------+----------------------------------+-----
Conjurations   | 5 6 7 8 10 12 13 | 13.8
Dodging        | 2 3 4 5 6 |  6.9
Spellcasting   | 3 5 |  5.8
Fighting       | 1 2 3 4 |  4.1
Shields        | 1 2 3 4 |  4.3
Staves         | 1 2 |  2.7
Translocations | 2 4 5 |  5.2
Hexes          | 1 2 |  2.0
Fire Magic     | 4 |  4.4
Stealth        | |  1.7
Evocations     | |  0.4

Action                     |  1- 3 |  4- 6 |  7- 9 | 10-12 || total
---------------------------+-------+-------+-------+-------++-------
  Melee: Dagger            |    13 |       |       |       ||    13
         Tailslap          |     1 |       |    15 |     3 ||    19
         Punch             |     1 |       |     1 |       ||     2
         Bo                |       |     4 |    26 |    13 ||    43
   Cast: Magic Dart        |    70 |    89 |    30 |     3 ||   192
         Searing Ray       |     3 |    23 |    59 |    35 ||   120
         Iskenderun's Myst |       |       |    12 |    58 ||    70
         Fulminant Prism   |       |       |     3 |    29 ||    32
         Scorch            |       |       |       |    19 ||    19
Ability: Breathe Fire      |       |       |     1 |     1 ||     2
  Evoke: Wand              |       |       |       |     3 ||     3
    Use: Scroll            |       |     6 |     6 |     3 ||    15
         Potion            |       |       |     1 |       ||     1
 Armour: Skin              |    11 |     7 |    17 |    27 ||    62
  Dodge: Dodged            |    13 |    15 |    60 |    46 ||   134
  Block: Other             |       |     6 |    15 |     5 ||    26
         Reflection        |       |     1 |     1 |     5 ||     7
         Buckler           |       |       |       |    41 ||    41

Table legend: (Time is in decaauts)
 A = Elapsed time spent in this place.
 B = Non-inter-level travel time spent in this place.
 C = Inter-level travel time spent in this place.
 D = Time resting spent in this place.
 E = Time spent auto-exploring this place.
 F = Levels seen in this place.
 G = Mean time per level.
                   A        B        C        D        E       F      G
               +--------+--------+--------+--------+--------+-----+--------+
         Total |  14771 |  13983 |    788 |   5684 |   2397 |  14 | 1055.1 |
       Dungeon |  14181 |  13393 |    788 |   5433 |   2200 |  11 | 1289.2 |
        Temple |     10 |     10 |      0 |      0 |      0 |   1 |   10.0 |
         Sewer |    539 |    539 |      0 |    251 |    197 |   1 |  539.0 |
        Bailey |     39 |     39 |      0 |      0 |      0 |   1 |   39.0 |
               +--------+--------+--------+--------+--------+-----+--------+

Top non-repeatable levels by time:
    D:10: 2047 daAuts
     D:7: 1855 daAuts
     D:5: 1513 daAuts
     D:8: 1368 daAuts
     D:1: 1251 daAuts
     D:6: 1236 daAuts
     D:9: 1206 daAuts
     D:2: 1092 daAuts
     D:4: 1075 daAuts
     D:3: 1025 daAuts
   Sewer: 539 daAuts
    D:11: 511 daAuts
  Bailey: 39 daAuts
  Temple: 10 daAuts
